[ PARTIDA AOE2 · #480803154 ]
Team RMMagiares vs Chinese
[ ANÁLISIS DE REPETICIÓN · EXTRAÍDO DE LA PARTIDA GRABADA ]
Feudal
9:29
Castillos
40:58
Imperial
—
| APM promedio | 27.5 |
| APM pico | 75 |
| eAPM promedio | 15.0 |
| Aldeanos / militares | 163 / 223 |
Foco
⚔️ 40.0% · 🌾 60.0%
Scout Cavalry ×128 · Knight ×87 · Magyar Huszar ×8
Feudal
10:07
Castillos
24:54
Imperial
37:57
| APM promedio | 38.8 |
| APM pico | 68 |
| eAPM promedio | 21.1 |
| Aldeanos / militares | 101 / 242 |
Foco
⚔️ 40.4% · 🌾 59.6%
Archer ×185 · Chu Ko Nu ×44 · Spearman ×9 · Trebuchet (Packed) ×3 · Monk ×1
Feudal
9:28
Castillos
21:09
Imperial
39:58
| APM promedio | 19.8 |
| APM pico | 42 |
| eAPM promedio | 14.9 |
| Aldeanos / militares | 143 / 343 |
Foco
⚔️ 44.6% · 🌾 55.4%
Skirmisher ×122 · Archer ×93 · Longbowman ×59 · Spearman ×50 · Trebuchet (Packed) ×12 · Battering Ram ×6
Feudal
11:58
Castillos
17:43
Imperial
44:00
| APM promedio | 18.5 |
| APM pico | 39 |
| eAPM promedio | 8.7 |
| Aldeanos / militares | 67 / 114 |
Foco
⚔️ 36.5% · 🌾 63.5%
Scout Cavalry ×38 · Knight ×38 · Militia ×10 · Janissary ×8 · Bombard Cannon ×5 · Monk ×4
Mapa de la partida
Recursos al inicio + cada clic de construcción. Línea gruesa = muro · recuadro discontinuo = muro de casas detectado. 🟡 oro · ⚪ piedra · 🟢 bayas · 🔶 jabalí · ⭕ reliquia
Inputs por minuto
— APTokyo - - Parasito del sistema
Build order — APTokyo
Primeras 150 de 449 acciones detectadas
| 0:01 | Crear | Villager (Male) |
| 0:01 | Crear | Villager (Male) |
| 0:02 | Construir | House |
| 0:04 | Construir | House |
| 0:04 | Crear | Villager (Male) |
| 0:05 | Crear | Villager (Male) |
| 0:05 | Crear | Villager (Male) |
| 1:34 | Crear | Villager (Male) |
| 1:35 | Crear | Villager (Male) |
| 1:50 | Construir | Lumber Camp |
| 2:02 | Crear | Villager (Male) |
| 2:32 | Crear | Villager (Male) |
| 2:53 | Crear | Villager (Male) |
| 2:54 | Crear | Villager (Male) |
| 3:11 | Crear | Villager (Male) |
| 3:11 | Crear | Villager (Male) |
| 3:55 | Crear | Villager (Male) |
| 3:55 | Crear | Villager (Male) |
| 4:04 | Construir | House |
| 4:05 | Construir | House |
| 4:09 | Construir | Palisade Wall |
| 4:22 | Crear | Villager (Male) |
| 4:22 | Crear | Villager (Male) |
| 4:23 | Crear | Villager (Male) |
| 5:14 | Crear | Villager (Male) |
| 5:14 | Crear | Villager (Male) |
| 5:15 | Crear | Villager (Male) |
| 5:15 | Crear | Villager (Male) |
| 5:56 | Construir | Mill |
| 6:33 | Investigar | Loom |
| 7:18 | Investigar | Feudal Age |
| 7:50 | Crear | Villager (Male) |
| 9:09 | Construir | Barracks |
| 9:29 | Edad | Edad Feudal |
| 9:36 | Investigar | Double-Bit Axe |
| 9:36 | Investigar | Double-Bit Axe |
| 9:54 | Construir | Stable |
| 9:58 | Crear | Villager (Male) |
| 10:00 | Crear | Villager (Male) |
| 10:17 | Construir | House |
| 10:19 | Construir | House |
| 10:37 | Crear | Scout Cavalry |
| 10:37 | Crear | Scout Cavalry |
| 10:37 | Crear | Scout Cavalry |
| 10:38 | Crear | Villager (Male) |
| 10:53 | Crear | Villager (Male) |
| 11:00 | Construir | Farm |
| 11:01 | Construir | Farm |
| 11:09 | Construir | Farm |
| 11:16 | Crear | Villager (Male) |
| 11:28 | Crear | Villager (Male) |
| 11:31 | Construir | Farm |
| 11:39 | Construir | Farm |
| 11:40 | Crear | Villager (Male) |
| 11:43 | Crear | Scout Cavalry |
| 11:49 | Construir | House |
| 11:53 | Construir | Palisade Wall |
| 12:04 | Construir | Palisade Wall |
| 12:05 | Crear | Villager (Male) |
| 12:22 | Construir | House |
| 12:39 | Construir | Farm |
| 12:45 | Construir | Farm |
| 12:46 | Crear | Villager (Male) |
| 12:51 | Construir | House |
| 13:18 | Crear | Villager (Male) |
| 13:20 | Crear | Scout Cavalry |
| 13:20 | Crear | Scout Cavalry |
| 13:29 | Construir | Farm |
| 13:32 | Construir | Farm |
| 13:41 | Crear | Villager (Male) |
| 14:11 | Crear | Villager (Male) |
| 14:17 | Construir | Farm |
| 14:20 | Crear | Villager (Male) |
| 14:25 | Construir | House |
| 14:28 | Construir | Palisade Wall |
| 14:55 | Construir | Palisade Wall |
| 15:05 | Construir | Farm |
| 15:17 | Crear | Villager (Male) |
| 15:20 | Crear | Scout Cavalry |
| 15:20 | Crear | Scout Cavalry |
| 15:20 | Crear | Scout Cavalry |
| 15:41 | Construir | House |
| 15:44 | Construir | House |
| 15:49 | Crear | Villager (Male) |
| 15:50 | Crear | Villager (Male) |
| 15:52 | Construir | Lumber Camp |
| 16:09 | Construir | Farm |
| 16:09 | Construir | Farm |
| 16:10 | Construir | Farm |
| 16:10 | Construir | Farm |
| 16:10 | Construir | Farm |
| 16:27 | Construir | Farm |
| 16:31 | Construir | Farm |
| 16:58 | Crear | Scout Cavalry |
| 16:59 | Crear | Scout Cavalry |
| 17:28 | Construir | House |
| 17:32 | Construir | Palisade Wall |
| 17:49 | Crear | Villager (Male) |
| 17:55 | Crear | Villager (Male) |
| 18:08 | Crear | Scout Cavalry |
| 18:08 | Crear | Scout Cavalry |
| 18:29 | Construir | Watch Tower |
| 18:31 | Crear | Villager (Male) |
| 18:31 | Crear | Villager (Male) |
| 18:47 | Crear | Villager (Male) |
| 18:47 | Crear | Villager (Male) |
| 18:51 | Crear | Villager (Male) |
| 18:52 | Crear | Villager (Male) |
| 18:56 | Crear | Villager (Male) |
| 18:56 | Crear | Villager (Male) |
| 19:01 | Crear | Villager (Male) |
| 19:24 | Crear | Villager (Male) |
| 19:24 | Crear | Villager (Male) |
| 19:37 | Crear | Villager (Male) |
| 19:49 | Crear | Villager (Male) |
| 19:49 | Crear | Villager (Male) |
| 20:02 | Construir | Mill |
| 20:03 | Construir | Farm |
| 20:03 | Construir | Farm |
| 20:04 | Construir | Farm |
| 20:04 | Construir | Farm |
| 20:04 | Construir | Farm |
| 20:04 | Construir | Farm |
| 20:04 | Construir | Farm |
| 20:05 | Construir | Farm |
| 20:05 | Construir | Farm |
| 20:20 | Construir | Mining Camp |
| 20:25 | Construir | House |
| 20:31 | Crear | Scout Cavalry |
| 20:31 | Crear | Scout Cavalry |
| 21:02 | Crear | Villager (Male) |
| 21:10 | Crear | Scout Cavalry |
| 21:10 | Crear | Scout Cavalry |
| 21:16 | Construir | Stable |
| 21:28 | Crear | Villager (Male) |
| 21:29 | Crear | Villager (Male) |
| 21:39 | Investigar | Bloodlines |
| 22:05 | Crear | Villager (Male) |
| 22:06 | Crear | Villager (Male) |
| 22:16 | Crear | Villager (Male) |
| 22:17 | Crear | Villager (Male) |
| 22:21 | Crear | Scout Cavalry |
| 22:21 | Crear | Scout Cavalry |
| 22:26 | Crear | Scout Cavalry |
| 22:26 | Crear | Scout Cavalry |
| 23:14 | Crear | Scout Cavalry ×4 |
| 23:14 | Crear | Scout Cavalry ×4 |
| 23:22 | Crear | Villager (Male) |
| 23:59 | Construir | Farm |
| 24:08 | Construir | Market |
Build order — Parasito del sistema
Primeras 150 de 492 acciones detectadas
| 0:04 | Investigar | Loom |
| 0:12 | Construir | House |
| 0:15 | Construir | House |
| 1:20 | Crear | Villager (Male) |
| 1:47 | Crear | Villager (Male) |
| 1:48 | Crear | Villager (Male) |
| 1:55 | Construir | Lumber Camp |
| 2:23 | Crear | Villager (Male) |
| 2:24 | Crear | Villager (Male) |
| 2:55 | Crear | Villager (Male) |
| 2:56 | Crear | Villager (Male) |
| 3:42 | Crear | Villager (Male) |
| 4:00 | Crear | Villager (Male) |
| 4:00 | Crear | Villager (Male) |
| 4:18 | Construir | House |
| 4:39 | Crear | Villager (Male) |
| 4:39 | Crear | Villager (Male) |
| 4:39 | Crear | Villager (Male) |
| 5:18 | Construir | Mill |
| 5:50 | Crear | Villager (Male) |
| 5:50 | Crear | Villager (Male) |
| 5:50 | Crear | Villager (Male) |
| 6:12 | Crear | Villager (Male) |
| 6:12 | Crear | Villager (Male) |
| 7:32 | Crear | Villager (Male) |
| 7:54 | Investigar | Feudal Age |
| 9:03 | Construir | Barracks |
| 9:10 | Construir | Mining Camp |
| 9:19 | Construir | Mining Camp |
| 10:07 | Edad | Edad Feudal |
| 10:13 | Construir | Archery Range |
| 10:14 | Crear | Spearman |
| 10:21 | Crear | Villager (Male) |
| 10:21 | Crear | Villager (Male) |
| 10:23 | Investigar | Double-Bit Axe |
| 10:23 | Investigar | Double-Bit Axe |
| 10:33 | Construir | Palisade Wall |
| 10:38 | Construir | House |
| 10:48 | Crear | Villager (Male) |
| 11:04 | Crear | Villager (Male) |
| 11:17 | Construir | Archery Range |
| 11:27 | Construir | Palisade Wall |
| 11:53 | Crear | Villager (Male) |
| 12:02 | Crear | Archer |
| 12:03 | Crear | Archer |
| 12:09 | Construir | Blacksmith |
| 12:15 | Crear | Spearman |
| 12:26 | Construir | House |
| 12:27 | Construir | House |
| 12:34 | Crear | Villager (Male) |
| 12:45 | Crear | Archer |
| 12:45 | Crear | Archer |
| 12:58 | Crear | Archer |
| 12:59 | Crear | Archer |
| 13:19 | Crear | Spearman |
| 13:30 | Crear | Villager (Male) |
| 13:41 | Crear | Archer |
| 13:41 | Crear | Archer |
| 13:52 | Construir | Palisade Wall |
| 14:14 | Crear | Villager (Male) |
| 14:15 | Crear | Villager (Male) |
| 14:21 | Crear | Spearman |
| 14:26 | Construir | House |
| 14:33 | Construir | Farm |
| 14:34 | Construir | Farm |
| 14:35 | Construir | Farm |
| 14:36 | Construir | Farm |
| 14:38 | Construir | Farm |
| 15:02 | Crear | Villager (Male) |
| 15:05 | Construir | Farm |
| 15:07 | Construir | Farm |
| 15:08 | Construir | Farm |
| 15:28 | Crear | Archer |
| 15:30 | Crear | Archer |
| 15:30 | Crear | Archer |
| 15:31 | Crear | Archer |
| 15:32 | Crear | Archer |
| 15:32 | Crear | Archer |
| 16:05 | Crear | Villager (Male) |
| 16:06 | Construir | Farm |
| 16:09 | Construir | Farm |
| 16:26 | Crear | Villager (Male) |
| 16:48 | Investigar | Fletching |
| 16:48 | Investigar | Fletching |
| 17:24 | Crear | Villager (Male) |
| 17:26 | Construir | Farm |
| 17:27 | Construir | Farm |
| 17:32 | Construir | Farm |
| 17:57 | Crear | Villager (Male) |
| 18:00 | Construir | Farm |
| 18:01 | Crear | Villager (Male) |
| 18:05 | Crear | Archer |
| 18:05 | Crear | Archer |
| 18:06 | Crear | Archer |
| 18:08 | Crear | Spearman |
| 18:34 | Crear | Villager (Male) |
| 18:35 | Crear | Villager (Male) |
| 19:27 | Crear | Villager (Male) |
| 19:27 | Crear | Villager (Male) |
| 19:29 | Construir | Farm |
| 19:30 | Construir | Farm |
| 19:33 | Crear | Archer |
| 19:33 | Crear | Archer |
| 19:42 | Construir | House |
| 20:44 | Crear | Archer |
| 20:44 | Crear | Archer |
| 21:25 | Construir | Farm |
| 21:28 | Construir | Lumber Camp |
| 21:38 | Construir | Archery Range |
| 22:03 | Crear | Spearman |
| 22:04 | Crear | Spearman |
| 22:14 | Investigar | Castle Age |
| 22:14 | Investigar | Castle Age |
| 22:26 | Crear | Archer |
| 22:26 | Crear | Archer |
| 22:26 | Crear | Archer |
| 22:27 | Crear | Archer |
| 22:34 | Construir | House |
| 22:35 | Construir | House |
| 22:39 | Crear | Archer |
| 22:40 | Crear | Archer |
| 22:49 | Construir | Archery Range |
| 22:51 | Investigar | Padded Archer Armor |
| 22:51 | Investigar | Padded Archer Armor |
| 23:40 | Crear | Archer |
| 23:40 | Crear | Archer |
| 23:40 | Crear | Archer |
| 23:41 | Crear | Archer |
| 23:41 | Crear | Archer |
| 23:41 | Crear | Archer |
| 23:47 | Investigar | Gold Mining |
| 23:48 | Investigar | Scale Mail Armor |
| 23:52 | Investigar | Horse Collar |
| 23:52 | Investigar | Horse Collar |
| 23:57 | Construir | Palisade Wall |
| 24:08 | Crear | Archer |
| 24:09 | Crear | Archer |
| 24:09 | Crear | Archer |
| 24:09 | Crear | Archer |
| 24:35 | Construir | Palisade Wall |
| 24:43 | Construir | House |
| 24:54 | Edad | Edad de los Castillos |
| 24:58 | Investigar | Bodkin Arrow |
| 24:59 | Investigar | Bodkin Arrow |
| 25:00 | Investigar | Crossbowman (upgrade) |
| 25:00 | Investigar | Crossbowman (upgrade) |
| 25:12 | Crear | Villager (Male) |
| 25:18 | Construir | University |
| 25:49 | Investigar | Guard Tower (upgrade) |
| 25:52 | Investigar | Ballistics |
Build order — CoachTone
Primeras 150 de 533 acciones detectadas
| 0:03 | Crear | Villager (Male) |
| 0:03 | Crear | Villager (Male) |
| 0:03 | Crear | Villager (Male) |
| 0:03 | Crear | Villager (Male) |
| 0:07 | Construir | House |
| 0:09 | Construir | House |
| 1:44 | Crear | Villager (Male) |
| 2:03 | Crear | Villager (Male) |
| 2:14 | Construir | Lumber Camp |
| 2:16 | Crear | Villager (Male) |
| 2:24 | Crear | Villager (Male) |
| 2:42 | Crear | Villager (Male) |
| 3:13 | Crear | Villager (Male) |
| 3:43 | Construir | House |
| 3:45 | Construir | House |
| 3:55 | Crear | Villager (Male) |
| 3:56 | Crear | Villager (Male) |
| 3:56 | Crear | Villager (Male) |
| 4:04 | Crear | Villager (Male) |
| 4:36 | Crear | Villager (Male) |
| 4:36 | Crear | Villager (Male) |
| 4:37 | Crear | Villager (Male) |
| 4:46 | Construir | Palisade Wall |
| 4:49 | Construir | Palisade Wall |
| 5:39 | Construir | Mill |
| 6:02 | Crear | Villager (Male) |
| 6:03 | Crear | Villager (Male) |
| 6:09 | Investigar | Loom |
| 6:50 | Construir | Palisade Wall |
| 7:18 | Investigar | Feudal Age |
| 7:39 | Construir | Palisade Wall |
| 8:50 | Construir | Barracks |
| 8:52 | Construir | House |
| 8:59 | Crear | Villager (Male) |
| 9:00 | Crear | Villager (Male) |
| 9:08 | Construir | Mining Camp |
| 9:28 | Edad | Edad Feudal |
| 10:23 | Construir | Archery Range |
| 10:26 | Crear | Spearman |
| 10:28 | Crear | Villager (Male) |
| 10:29 | Crear | Villager (Male) |
| 10:32 | Investigar | Town Watch |
| 10:58 | Crear | Spearman |
| 10:59 | Crear | Villager (Male) |
| 11:07 | Construir | House |
| 11:09 | Construir | House |
| 11:10 | Construir | House |
| 11:31 | Crear | Archer |
| 11:32 | Crear | Archer |
| 11:40 | Construir | House |
| 11:49 | Construir | Farm |
| 11:52 | Construir | Farm |
| 12:12 | Crear | Villager (Male) |
| 12:21 | Crear | Archer |
| 12:36 | Construir | Blacksmith |
| 12:45 | Investigar | Double-Bit Axe |
| 12:46 | Crear | Villager (Male) |
| 12:47 | Crear | Villager (Male) |
| 12:59 | Construir | Farm |
| 13:36 | Construir | Market |
| 13:39 | Crear | Villager (Male) |
| 13:39 | Crear | Villager (Male) |
| 13:41 | Crear | Archer |
| 13:54 | Crear | Spearman |
| 13:57 | Construir | Farm |
| 14:14 | Construir | Farm |
| 14:20 | Crear | Villager (Male) |
| 14:26 | Construir | Farm |
| 14:29 | Construir | House |
| 14:31 | Construir | House |
| 14:52 | Crear | Villager (Male) |
| 15:00 | Construir | Palisade Wall |
| 15:17 | Crear | Villager (Male) |
| 15:21 | Investigar | Fletching |
| 15:24 | Construir | Farm |
| 15:25 | Construir | Farm |
| 15:42 | Crear | Spearman |
| 15:46 | Construir | Lumber Camp |
| 15:50 | Crear | Archer |
| 15:51 | Crear | Skirmisher |
| 16:16 | Crear | Skirmisher |
| 16:17 | Crear | Archer |
| 16:31 | Crear | Villager (Male) |
| 16:37 | Construir | Farm |
| 16:37 | Construir | Farm |
| 16:48 | Construir | Farm |
| 17:02 | Crear | Villager (Male) |
| 17:16 | Crear | Spearman |
| 17:27 | Crear | Villager (Male) |
| 17:32 | Construir | Farm |
| 18:19 | Construir | Palisade Wall |
| 18:29 | Investigar | Castle Age |
| 19:17 | Construir | Mining Camp |
| 19:21 | Crear | Villager (Male) |
| 19:24 | Crear | Spearman |
| 19:27 | Crear | Archer |
| 19:27 | Crear | Archer |
| 19:27 | Crear | Skirmisher |
| 20:07 | Construir | House |
| 20:09 | Construir | House |
| 20:26 | Crear | Villager (Male) |
| 20:26 | Crear | Villager (Male) |
| 20:43 | Construir | House |
| 20:46 | Construir | House |
| 20:49 | Construir | House |
| 20:52 | Crear | Villager (Male) |
| 20:57 | Investigar | Gold Mining |
| 21:06 | Investigar | Padded Archer Armor |
| 21:08 | Investigar | Scale Mail Armor |
| 21:09 | Edad | Edad de los Castillos |
| 21:27 | Construir | Town Center |
| 21:32 | Crear | Villager (Male) |
| 21:44 | Construir | Farm |
| 21:47 | Construir | Farm |
| 21:49 | Investigar | Horse Collar |
| 21:51 | Construir | Farm |
| 21:55 | Construir | Farm |
| 22:02 | Construir | Farm |
| 22:22 | Crear | Archer |
| 22:52 | Construir | Archery Range |
| 23:05 | Crear | Villager (Male) |
| 23:05 | Crear | Villager (Male) |
| 23:08 | Investigar | Wheelbarrow |
| 23:16 | Crear | Archer |
| 23:18 | Crear | Archer |
| 23:34 | Construir | Building 673 |
| 23:37 | Crear | Villager (Male) |
| 23:40 | Construir | Farm |
| 23:43 | Construir | Lumber Camp |
| 23:58 | Investigar | Crossbowman (upgrade) |
| 23:59 | Crear | Archer |
| 23:59 | Crear | Archer |
| 24:17 | Crear | Villager (Male) |
| 24:18 | Crear | Villager (Male) |
| 24:25 | Crear | Archer |
| 24:26 | Crear | Skirmisher |
| 24:26 | Crear | Archer |
| 24:32 | Crear | Spearman |
| 24:57 | Construir | House |
| 25:22 | Construir | University |
| 25:48 | Construir | Castle |
| 26:05 | Crear | Archer |
| 26:05 | Crear | Archer |
| 26:05 | Crear | Archer |
| 26:06 | Crear | Villager (Male) |
| 26:06 | Crear | Villager (Male) |
| 26:06 | Crear | Villager (Male) |
| 26:07 | Crear | Villager (Male) |
| 26:10 | Construir | House |
| 26:12 | Construir | House |
Build order — Atendedor de boludos
Primeras 150 de 242 acciones detectadas
| 0:02 | Crear | Villager (Male) ×4 |
| 0:07 | Construir | House |
| 0:09 | Construir | House |
| 1:06 | Investigar | Loom |
| 2:10 | Crear | Villager (Male) |
| 2:13 | Crear | Villager (Male) |
| 2:42 | Construir | Lumber Camp |
| 2:45 | Crear | Villager (Male) |
| 3:06 | Crear | Villager (Male) |
| 3:21 | Construir | House |
| 3:23 | Construir | House |
| 3:48 | Crear | Villager (Male) |
| 4:14 | Crear | Villager (Male) |
| 4:22 | Construir | House |
| 4:49 | Crear | Villager (Male) |
| 5:52 | Crear | Villager (Male) |
| 6:07 | Crear | Villager (Male) |
| 6:09 | Crear | Villager (Male) |
| 6:21 | Construir | Barracks |
| 6:55 | Crear | Villager (Male) |
| 7:08 | Construir | Mill |
| 7:25 | Crear | Villager (Male) |
| 7:50 | Crear | Villager (Male) |
| 8:06 | Construir | Farm |
| 8:09 | Crear | Villager (Male) |
| 8:32 | Construir | House |
| 8:47 | Crear | Villager (Male) |
| 9:02 | Construir | Mill |
| 9:19 | Crear | Villager (Male) |
| 9:48 | Investigar | Feudal Age |
| 11:55 | Construir | House |
| 11:58 | Edad | Edad Feudal |
| 12:07 | Construir | Stable |
| 12:13 | Construir | Blacksmith |
| 12:25 | Crear | Villager (Male) |
| 12:25 | Crear | Villager (Male) |
| 12:58 | Construir | Mining Camp |
| 13:10 | Construir | Farm |
| 13:18 | Construir | Farm |
| 13:43 | Crear | Scout Cavalry |
| 13:44 | Crear | Scout Cavalry |
| 14:59 | Investigar | Wheelbarrow |
| 15:03 | Investigar | Castle Age |
| 15:46 | Crear | Scout Cavalry |
| 16:09 | Construir | Farm |
| 16:12 | Construir | Farm |
| 16:19 | Construir | Farm |
| 16:23 | Investigar | Double-Bit Axe |
| 17:25 | Crear | Scout Cavalry |
| 17:34 | Investigar | Scale Barding Armor |
| 17:43 | Edad | Edad de los Castillos |
| 18:05 | Crear | Scout Cavalry |
| 18:14 | Construir | Monastery |
| 18:15 | Crear | Scout Cavalry |
| 18:28 | Construir | Town Center |
| 18:42 | Crear | Monk |
| 18:48 | Crear | Villager (Male) |
| 18:50 | Crear | Villager (Male) |
| 19:24 | Crear | Scout Cavalry |
| 19:32 | Crear | Monk |
| 20:01 | Investigar | Forging |
| 20:34 | Crear | Villager (Male) |
| 20:47 | Crear | Knight |
| 21:11 | Crear | Villager (Male) |
| 21:20 | Construir | Town Center |
| 21:22 | Crear | Villager (Male) |
| 22:02 | Construir | Siege Workshop |
| 22:04 | Crear | Villager (Male) |
| 22:07 | Crear | Villager (Male) |
| 22:50 | Crear | Monk |
| 22:55 | Crear | Villager (Male) |
| 22:55 | Crear | Villager (Male) |
| 22:55 | Crear | Villager (Male) |
| 23:19 | Crear | Mangonel |
| 23:29 | Crear | Knight |
| 23:30 | Crear | Knight |
| 25:11 | Crear | Villager (Male) |
| 25:11 | Crear | Villager (Male) |
| 25:11 | Crear | Villager (Male) |
| 25:31 | Crear | Villager (Male) |
| 25:32 | Crear | Villager (Male) |
| 25:44 | Construir | Mining Camp |
| 26:57 | Crear | Villager (Male) |
| 26:58 | Crear | Villager (Male) |
| 26:59 | Crear | Villager (Male) |
| 26:59 | Crear | Villager (Male) |
| 27:10 | Construir | Stable |
| 27:41 | Crear | Mangonel |
| 27:45 | Crear | Knight |
| 27:48 | Construir | House |
| 27:49 | Construir | House |
| 27:57 | Crear | Villager (Male) |
| 29:37 | Crear | Knight |
| 29:37 | Crear | Knight |
| 31:28 | Construir | Castle |
| 31:40 | Investigar | Iron Casting |
| 32:41 | Construir | Farm |
| 32:48 | Construir | Farm |
| 32:50 | Construir | Farm |
| 32:53 | Construir | Farm |
| 32:55 | Construir | Farm |
| 33:11 | Construir | Farm |
| 33:13 | Construir | Farm |
| 33:22 | Crear | Janissary |
| 33:56 | Construir | Farm |
| 33:58 | Construir | Farm |
| 34:00 | Construir | Farm |
| 34:02 | Construir | Farm |
| 35:17 | Crear | Knight |
| 35:18 | Crear | Knight |
| 35:19 | Crear | Knight |
| 35:22 | Crear | Villager (Male) |
| 35:23 | Crear | Villager (Male) |
| 35:23 | Crear | Villager (Male) |
| 35:42 | Construir | Farm |
| 35:45 | Construir | Farm |
| 35:46 | Construir | Farm |
| 36:00 | Crear | Villager (Male) |
| 36:00 | Crear | Villager (Male) |
| 36:00 | Crear | Villager (Male) |
| 36:01 | Crear | Villager (Male) |
| 36:04 | Crear | Knight |
| 36:30 | Crear | Janissary |
| 36:33 | Crear | Janissary |
| 37:59 | Crear | Villager (Male) |
| 37:59 | Crear | Villager (Male) |
| 37:59 | Crear | Villager (Male) |
| 37:59 | Crear | Villager (Male) |
| 38:33 | Crear | Knight |
| 39:13 | Crear | Villager (Male) |
| 39:13 | Crear | Villager (Male) |
| 39:13 | Crear | Villager (Male) |
| 39:13 | Crear | Villager (Male) |
| 39:24 | Construir | Stable |
| 39:25 | Construir | Stable |
| 39:30 | Crear | Knight |
| 39:30 | Crear | Knight |
| 39:30 | Crear | Knight |
| 39:30 | Crear | Knight |
| 39:31 | Crear | Knight |
| 40:10 | Construir | Farm |
| 40:40 | Construir | Farm |
| 40:44 | Construir | Farm |
| 40:46 | Construir | Farm |
| 40:50 | Investigar | Imperial Age |
| 41:09 | Crear | Knight |
| 41:19 | Construir | Castle |
| 41:27 | Crear | Knight |
| 41:29 | Crear | Knight |
| 41:39 | Crear | Villager (Male) |
Cronología de la partida
| 4:09 | APTokyo · wall_segment Palisade Wall x6 |
| 4:46 | CoachTone · wall_segment Palisade Wall x7 |
| 4:49 | CoachTone · wall_segment Palisade Wall x4 |
| 6:21 | Atendedor de boludos · first_building Barracks |
| 6:50 | CoachTone · wall_segment Palisade Wall x6 |
| 7:39 | CoachTone · wall_segment Palisade Wall x7 |
| 8:50 | CoachTone · first_building Barracks |
| 9:03 | Parasito del sistema · first_building Barracks |
| 9:09 | APTokyo · first_building Barracks |
| 9:28 | CoachTone · age_up feudal |
| 9:29 | APTokyo · age_up feudal |
| 9:54 | APTokyo · first_building Stable |
| 10:07 | Parasito del sistema · age_up feudal |
| 10:13 | Parasito del sistema · first_building Archery Range |
| 10:23 | CoachTone · first_building Archery Range |
| 10:33 | Parasito del sistema · wall_segment Palisade Wall x5 |
| 11:27 | Parasito del sistema · wall_segment Palisade Wall x2 |
| 11:53 | APTokyo · wall_segment Palisade Wall x4 |
| 11:58 | Atendedor de boludos · age_up feudal |
| 12:04 | APTokyo · wall_segment Palisade Wall x14 |
| 12:07 | Atendedor de boludos · first_building Stable |
| 13:52 | Parasito del sistema · wall_segment Palisade Wall x2 |
| 14:28 | APTokyo · wall_segment Palisade Wall x6 |
| 14:55 | APTokyo · wall_segment Palisade Wall x17 |
| 15:00 | CoachTone · wall_segment Palisade Wall x6 |
| 17:32 | APTokyo · wall_segment Palisade Wall x1 |
| 17:43 | Atendedor de boludos · age_up castle |
| 17:48 | CoachTone · first_market_buy 100 food |
| 17:48 | CoachTone · first_market_sell 100 wood |
| 18:14 | Atendedor de boludos · first_building Monastery |
| 18:19 | CoachTone · wall_segment Palisade Wall x22 |
| 21:09 | CoachTone · age_up castle |
| 22:02 | Atendedor de boludos · first_building Siege Workshop |
| 23:57 | Parasito del sistema · wall_segment Palisade Wall x3 |
| 24:35 | Parasito del sistema · wall_segment Palisade Wall x1 |
| 24:54 | Parasito del sistema · age_up castle |
| 24:56 | APTokyo · first_market_buy 100 wood |
| 25:11 | APTokyo · wall_segment Palisade Wall x3 |
| 25:48 | CoachTone · first_building Castle |
| 29:33 | CoachTone · first_building Siege Workshop |
| 31:28 | Atendedor de boludos · first_building Castle |
| 31:31 | APTokyo · wall_segment Palisade Wall x1 |
| 34:07 | Parasito del sistema · first_building Monastery |
| 37:05 | APTokyo · first_market_sell 100 stone |
| 37:54 | CoachTone · wall_segment Stone Wall x22 |
| 37:57 | Parasito del sistema · age_up imperial |
| 39:02 | CoachTone · wall_segment Stone Wall x17 |
| 39:58 | CoachTone · age_up imperial |
| 40:30 | CoachTone · first_building Monastery |
| 40:58 | APTokyo · age_up castle |
| 42:54 | CoachTone · wall_segment Stone Wall x10 |
| 44:00 | Atendedor de boludos · age_up imperial |
| 46:33 | Parasito del sistema · first_building Castle |
| 46:45 | Parasito del sistema · first_market_sell 100 food |
| 54:15 | APTokyo · first_building Castle |
| 60:26 | Parasito del sistema · first_market_buy 100 wood |
| 61:11 | Parasito del sistema · resign |
[ ANÁLISIS IA · 1 CRÉDITO ]
¿Qué pasó realmente en esta partida?
Wolo.gg analiza cada decisión: build order, eco, micro, errores típicos por bracket. Análisis personalizado por WhatsApp o Discord en 30 segundos.
Guía civ
Magiares
Guía mapa
Arabia
Perfil
APTokyo